 Dungeon Crawl Stone Soup version 0.20-a0-893-g832831a (webtiles) character file.

512 Jivvin the Grave Robber (level 6, -3/41 HPs)
             Began as a Demonspawn Necromancer on Mar 17, 2017.
             Slain by an orc warrior
             ... wielding a +0 mace
              (18 damage)
             ... on level 6 of the Dungeon.
             The game lasted 00:05:53 (6343 turns).

Jivvin the Grave Robber (Demonspawn Necromancer)    Turns: 6343, Time: 00:05:55

Health: -3/41      AC:  8    Str:  9    XL:     6   Next: 99%
Magic:  1/13       EV: 11    Int: 18    God:
Gold:   98         SH:  0    Dex: 13    Spells: 4/15 levels left

rFire    . . .     SeeInvis .   e - +3 whip (flame)
rCold    . . .     Gourm    .   j - +3 leather armour {rPois}
rNeg     . . .     Faith    .   (no shield)
rPois    +         Spirit   .   i - +2 hat
rElec    .         Reflect  .   (no cloak)
rCorr    .         Harm     .   (no gloves)
MR       .....                  (no boots)
Stlth    +++.......             l - amulet of magic regeneration
Regen    0.2/turn               (no ring)
MPRegen  0.2/turn               (no ring)

@: no status effects
A: talons 2, nightstalker 1
a: no special abilities


You were on level 6 of the Dungeon.
You were not hungry.

You visited 1 branch of the dungeon, and saw 6 of its levels.

You collected 98 gold pieces.

Inventory:

Hand Weapons
 e - a +3 whip of flaming (weapon)
Armour
 g - a +0 pair of boots
 i - a +2 hat (worn)
 j - a +3 leather armour of poison resistance (worn)
Jewellery
 l - an amulet of magic regeneration (around neck)
Wands
 c - a wand of acid (4/15)
Scrolls
 d - a scroll of enchant armour
 f - a scroll of fear
Potions
 m - a potion of heal wounds {unknown}
Books
 b - a book of Necromancy

   Spells                             Type                      Level
   a - Pain                           Necromancy                   1
   b - Animate Skeleton               Necromancy                   1
   c - Vampiric Draining              Necromancy                   3
   d - Regeneration                   Charms/Necromancy            3
   e - Animate Dead                   Necromancy                   4
   f - Control Undead                 Necromancy                   4
Comestibles
 a - 4 fruits
 h - 2 royal jellies
 k - a meat ration


   Skills:
 - Level 1.7 Dodging
 - Level 1.7 Stealth
 - Level 5.1 Spellcasting
 + Level 7.2 Necromancy


You had 4 spell levels left.
You knew the following spells:

 Your Spells              Type           Power        Failure   Level  Hunger
a - Pain                  Necr           ####         1%          1    None
b - Vampiric Draining     Necr           ####......   2%          3    ##.....
c - Regeneration          Chrm/Necr      ###.......   14%         3    ##.....
d - Animate Dead          Necr           N/A          12%         4    ####...


Dungeon Overview and Level Annotations

Branches:
Dungeon (6/15)
 Temple: D:4-7

Altars:
Fedhas
Xom
The Shining One

Shops:
D:5 *

Annotations:
D:2 exclusion: oklob plant


Innate Abilities, Weirdness & Mutations

You have razor-sharp toenails.
You are slightly more attuned to the shadows.


Message History

Confirm with . or Enter, or press ? or * to list all spells.
Aiming: Vampiric Draining
Press: ? - help, Shift-Dir - straight line, f/p - orc warrior
Aim: an orc warrior, wielding a mace and wearing a plate armour (moderately wounded)
The orc warrior is heavily wounded.
You feel life coursing into your body. The orc warrior hits you with a mace!
* * * LOW HITPOINT WARNING * * *
The adder skeleton bites you but does no damage.
Casting: Vampiric Draining
Confirm with . or Enter, or press ? or * to list all spells.
Aiming: Vampiric Draining
Press: ? - help, Shift-Dir - straight line, f/p - orc warrior
Aim: an orc warrior, wielding a mace and wearing a plate armour (heavily wounded)
The orc warrior is severely wounded.
You feel life coursing into your body.
The orc priest calls upon Beogh to heal the orc warrior.
The orc warrior is healed somewhat.
The adder skeleton bites you but does no damage.
The orc warrior hits you with a mace!!
You die...

...# #.# ####
#.# #.# # #.#
.# #.### #.#
#...#...
########)#.##
.....†...Z..#
..######@#..#
.....oo#..#
........ .#
.#######..#
..# .# ..


You could see an orc warrior, an orc priest and an adder skeleton.

Vanquished Creatures
  A phantom (D:3)
  An orc priest (D:3)
  2 jellies
  A bullfrog skeleton (D:6)
  2 orc wizards (D:5)
  4 gnolls (D:6)
  A howler monkey skeleton (D:6)
  6 adders
  2 oozes
  5 worms
  5 leopard geckos
  19 orcs
  A ball python (D:1)
  9 giant cockroaches
  10 goblins
  8 hobgoblins
  4 jackals (D:1)
  3 quokkas
  8 bats
  3 frilled lizards
  8 kobolds
  8 rats
111 creatures vanquished.

Vanquished Creatures (others)
  13 toadstools (D:2)
13 creatures vanquished.

Grand Total: 124 creatures vanquished

Notes
Turn   | Place    | Note
-------+----------+-------------------------------------------
     0 | D:1      | Jivvin the Demonspawn Necromancer began the quest for the Orb.
     0 | D:1      | Reached XP level 1. HP: 13/13 MP: 3/3
   609 | D:1      | Gained mutation: You are slightly more attuned to the shadows. [demonic ancestry]
   609 | D:1      | Reached XP level 2. HP: 4/19 MP: 0/5
  1465 | D:1      | Reached XP level 3. HP: 24/24 MP: 7/7
  1574 | D:2      | Learned a level 3 spell: Vampiric Draining
  2359 | D:2      | Reached XP level 4. HP: 27/30 MP: 10/10
  2602 | D:2      | Found a shimmering altar of Xom.
  2689 | D:2      | Found a blossoming altar of Fedhas.
  2709 | D:2      | Noticed an oklob plant
  2812 | D:2      | Found a glowing golden altar of the Shining One.
  3067 | D:3      | Learned a level 3 spell: Regeneration
  3072 | D:3      | Learned a level 4 spell: Animate Dead
  3452 | D:3      | Gained mutation: You have sharp toenails. [demonic ancestry]
  3452 | D:3      | Reached XP level 5. HP: 34/35 MP: 6/12
  3491 | D:3      | Reached skill level 5 in Spellcasting
  3918 | D:4      | Noticed a phantom
  3968 | D:3      | Killed a phantom
  3968 | D:3      | Reached skill level 5 in Necromancy
  4475 | D:4      | Noticed an ogre
  4481 | D:3      | Gained mutation: You have razor-sharp toenails. [demonic ancestry]
  4481 | D:3      | Reached XP level 6. HP: 27/41 MP: 2/13
  4617 | D:3      | Reached skill level 6 in Necromancy
  5335 | D:5      | Entered Level 5 of the Dungeon
  5543 | D:5      | Found Vaurecw's General Store.
  5586 | D:5      | Noticed an orc warrior
  6185 | D:6      | Reached skill level 7 in Necromancy
  6335 | D:6      | Noticed an orc warrior
  6343 | D:6      | Slain by an orc warrior

Vault maps used:
D:1:      mrwooster_arrival_statue_3, feat_on_display
D:2:      nicolae_overflow_crystal_walls, nicolae_tso_swordbearing_angel,
          minmay_fountain_box, tgw_fedhas
D:3:      first_bread
D:4:      dancing_weapons_uskayaw, serial_shops, shop,
          nicolae_ossuary_entry_false_entrances, uniq_blork_the_orc
D:5:      serial_shops, nicolae_shop_stone, uniq_grinder
D:6:      minmay_diamond_boxcup, lemuel_blue_sif_altar, uniq_duvessa

Skill      XL: |  1  2  3  4  5  6 |
---------------+-------------------+-----
Spellcasting   | 3 4 5 |  5.1
Necromancy     | 5 7 |  7.2
Dodging        | |  1.7
Stealth        | |  1.7

Action                   |  1- 3 |  4- 6 || total
-------------------------+-------+-------++-------
Melee: Whip              |    67 |   288 ||   355
       Kick              |       |    26 ||    26
 Cast: Pain              |    48 |     9 ||    57
       Vampiric Draining |     2 |    22 ||    24
       Regeneration      |       |     5 ||     5
  Use: Scroll            |     5 |     4 ||     9
       Potion            |     2 |     1 ||     3
 Stab: Sleeping          |     3 |     4 ||     7
  Eat: Chunk             |     5 |     6 ||    11
       Bread ration      |       |     2 ||     2
Armor: Robe              |    14 |       ||    14
       Leather armour    |    30 |   111 ||   141
Dodge: Dodged            |    72 |   154 ||   226
